 Dungeon Crawl Stone Soup version 0.30-a0-622-gddc90eaa04 (webtiles) character file.

Game seed: 7688471675943173436

1304 kae the Changer (level 8, -1/64 HPs)
             Began as a Demonspawn Transmuter on Jan 10, 2023.
             Slain by an orc warrior
             ... wielding a +0 battleaxe
              (17 damage)
             ... on level 5 of the Dungeon.
             The game lasted 00:05:39 (5180 turns).

kae the Changer (Demonspawn Transmuter)             Turns: 5180, Time: 00:05:40

Health: -1/64      AC:  7    Str: 10    XL:     8   Next: 31%
Magic:  11/14      EV: 10    Int: 18    God:
Gold:   274        SH:  0    Dex: 13    Spells: 4/15 levels left

rFire   x . .      SeeInvis .      - Unarmed
rCold   + + +      Faith    .    (shield currently unavailable)
rNeg    . . .      Spirit   .    (body armour currently unavailable)
rPois   +          Reflect  .    (helmet currently unavailable)
rElec   .          Harm     .    (cloak currently unavailable)
rCorr   .          Rampage  .    (gloves currently unavailable)
Will    .....                    (boots currently unavailable)
Stlth   +                        (no amulet)
HPRegen 2.30/turn                Z - ring of wizardry
MPRegen 0.14/turn                (no ring)

@: ice-form
A: freezing attack, amphibious, boosted hp, large, (antennae 1), (icy blue
scales 2), powered by death 2
a: End Transformation


You were on level 5 of the Dungeon.
You were a creature of crystalline ice.
You visited 1 branch of the dungeon, and saw 6 of its levels.

You collected 274 gold pieces.


Innate Abilities, Weirdness & Mutations

You are a creature of crystalline ice.
You have a powerful freezing melee attack.
You are amphibious.
Your maximum health is increased.
Your armour is entirely melded.
You are incapable of wielding weapons or throwing items.
((You have a pair of small antennae on your head.))
((You are mostly covered in icy blue scales. (AC +3)))
You regenerate health from kills.


   Skills:
 - Level 1.0 Fighting
 - Level 1.7 Dodging
 + Level 4.8 Unarmed Combat
 - Level 4.2 Spellcasting
 * Level 6.0 Transmutations
 * Level 4.1 Ice Magic
 - Level 1.1 Poison Magic


You had 4 spell levels left.
You knew the following spells:

 Your Spells              Type           Power      Damage    Failure   Level
a - Beastly Appendage     Tmut           50%        N/A       1%          1
b - Wereblood             Tmut           25%        N/A       1%          2
c - Spider Form           Tmut/Pois      16%        N/A       4%          3
d - Ice Form              Ice/Tmut       22%        N/A       8%          4
z - Sting                 Tmut/Pois      64%        1d6       1%          1

Your spell library contained the following spells:

 Spells                   Type           Power      Damage    Failure   Level
 Poisonous Vapours        Pois/Air       10%        N/A       7%          2
 Blink                    Tloc           6%         N/A       9%          2
 Momentum Strike          Conj/Tloc      6%         3d8       9%          2
 Static Discharge         Conj/Air       6%         2-3/arc   9%          2
 Lesser Beckoning         Tloc           6%         N/A       17%         3
 Vhi's Electric Charge    Tloc/Air       6%         N/A       17%         3
 Olgreb's Toxic Radiance  Pois           7%         N/A       34%         4
 Arcjolt                  Conj/Air       1%         1d11      82%         5
 Lightning Bolt           Conj/Air       1%         1d12      82%         5

Inventory:

Missiles
 d - 52 stones
 h - 2 throwing nets {=f!f}
 i - 11 boomerangs
 n - 17 poisoned darts
Armour
 a - a +1 robe (melded)
Jewellery
 G - an amulet of guardian spirit
   (You found it on level 5 of the Dungeon)
 Z - a ring of wizardry (left front paw)
   (You found it on level 2 of the Dungeon)
Scrolls
 c - 2 scrolls of brand weapon
 o - a scroll of immolation {!r!r}
 p - a scroll of fog
 q - 2 scrolls of teleportation {@r4}
 r - a scroll of magic mapping {!r}
 s - a scroll of vulnerability {unknown}
 t - a scroll of silence {!r}
 u - a scroll of identify {@r1}
Potions
 b - 5 potions of lignification {!q}
 e - a potion of mutation {!q}
 f - 4 potions of flight {unknown}
 g - 2 potions of curing {@q1}
 j - 2 potions of haste {@q3}
 k - a potion of ambrosia {unknown}
 l - 2 potions of heal wounds {unknown}
 m - a potion of degeneration {unknown}

Dungeon Overview and Level Annotations

Branches:
Dungeon (6/15) Zot: 26989
 Temple: D:4-7

Altars:
Dithmenos
Fedhas
Hepliaklqana
Kikubaaqudgha
Makhleb
Qazlal
Uskayaw

Shops:
D:2 [ D:6

(
#.#.##########.########.
#.#................)....
#.#..#######...########.
#.##.######..### #####.
#.##...##...#######.))..
#.####.#..........#.####
#.# #.#..........#.# #
#.####..o.........#.# #
#.....)Y..........#.# #
########..........#.####
#..........#.....
#..........######
#..........#
############


You could see an orc warrior.


Message History

You punch the jackal! You freeze the jackal.
You kill the jackal!
Your transformation is almost over.
You warm up again.
Your +1 robe unmelds from your body.
g - 2 potions of curing {@q1} (gained 1) Key pressed, stopping explore.
You see here a jackal corpse.
You see here a +0 quarterstaff.
There is a stone staircase leading down here.
A hound comes into view. 😎 HP[-10] MP[+3]
You now have 54 max hp (-10).
Your mp is fully restored (14).
Unknown command.
A hound is nearby!
A hound is nearby!
A hound is nearby!
A hound is nearby!
Casting: Ice Form (dangerous; 8% risk of failure)
Confirm with . or Enter, or press ? or * to list all spells.
You turn into a creature of crystalline ice.
Your +1 robe melds into your body.
The hound barks! 😎 HP[+10] MP[-4]
You now have 64 max hp (+10).
Your hp is fully restored (64).
You lost 4 mp, and now have 10/14 mp.
You completely miss the hound. The hound bites you but does no damage.
A hound is nearby!
You hit the hound. You freeze the hound. The hound bites you.
You punch the hound! You freeze the hound. The hound barely misses you.
The hound bites you. 😕 HP[-6]
You take 6 damage, and now have 58/64 hp.
A hound is nearby!
You barely miss the hound. The hound barely misses you.
You closely miss the hound.
The hound bites you but does no damage. 😕 HP[+1] MP[+1]
A hound is nearby!
You hit the hound. You freeze the hound.
You kill the hound!
No target in view!
Done exploring. 😎 HP[+5] MP[+3]
Your hp is fully restored (64).
Your mp is fully restored (14).
No target in view!
No target in view!
Done exploring.
Key pressed, stopping explore.
No target in view!
No target in view!
Done exploring.
(D) Dungeon
Where to? (Enter - D:5, ? - help)
Your transformation is almost over.
There is a stone staircase leading down here.
You climb downwards.
The orc warrior shouts!
The orc shouts!
The shadow imp shouts, "Scamper hence, thou artless common-kissing pot-faker!"
The orc priest shouts!
You hear a shout!
Found Cutai's Antique Weapon Shop.
Found a stone staircase leading down.
There is a stone staircase leading up here.
There are monsters nearby!
Okay, then.
Casting: Ice Form (dangerous; 8% risk of failure)
Confirm with . or Enter, or press ? or * to list all spells.
You extend your transformation's duration. 😎 MP[-4]
You lost 4 mp, and now have 10/14 mp.
Unknown command.
You hit the orc. You freeze the orc. You barely miss the orc.
The orc priest calls down the wrath of Beogh upon you.
Beogh smites you!
The orc warrior hits you with a +0 battleaxe!
The orc hits you but does no damage.
You climb upwards.
There is a stone staircase leading down here. 😮 HP[-20]
You take 20 damage, and now have 44/64 hp.
MASSIVE DAMAGE!! (PAUSE)
You punch the orc! You freeze the orc.
You kill the orc!
The orc warrior hits you with a +0 battleaxe! 😮 HP[-5] MP[+1]
You take 5 damage, and now have 39/64 hp.
Unknown command.
You punch the orc warrior! You freeze the orc warrior.
The orc warrior hits you with a +0 battleaxe!
* * * LOW HITPOINT WARNING * * *
😨 HP[-8]
You take 8 damage, and now have 31/64 hp.
You barely miss the orc warrior.
The orc warrior hits you with a +0 battleaxe!!
* * * LOW HITPOINT WARNING * * *
😱 HP[-17]
You take 17 damage, and now have 14/64 hp.
MASSIVE DAMAGE!! (PAUSE)
You barely miss the orc warrior.
The orc warrior hits you with a +0 battleaxe!
You die...

Skill      XL: |  1  2  3  4  5  6  7  8 |
---------------+-------------------------+-----
Transmutations | 2 4 5 6 |  6.0
Unarmed Combat | 3 4 |  4.8
Spellcasting   | 3 4 |  4.2
Poison Magic   | 1 |  1.1
Ice Magic      | 1 3 4 |  4.1
Fighting       | |  1.0
Dodging        | |  1.7

Action                   |  1- 3 |  4- 6 |  7- 9 || total
-------------------------+-------+-------+-------++-------
Melee: Unarmed           |    79 |   139 |   162 ||   380
       Headbutt          |     3 |       |       ||     3
       Kick              |    16 |     4 |       ||    20
       Punch             |     2 |       |       ||     2
 Cast: Beastly Appendage |    19 |     6 |       ||    25
       Sting             |     6 |       |       ||     6
       Spider Form       |       |    19 |     5 ||    24
       Ice Form          |       |     2 |    13 ||    15
       Wereblood         |       |     1 |     3 ||     4
  Use: Scroll            |     6 |     5 |       ||    11
       Potion            |     1 |       |     1 ||     2
 Stab: Sleeping          |     1 |     3 |       ||     4
Armor: Robe              |    17 |    18 |     5 ||    40
       Skin              |       |     2 |    34 ||    36
Dodge: Dodged            |    64 |    91 |    82 ||   237

Levels and vault maps discovered:
D:1:      minmay_arrival_open_corners, layout_basic,
          dreamdust_ecumenical_altar_angels_and_demons
D:2:      layout_basic, serial_shops, shop, uniq_natasha, uniq_sigmund
D:3:      layout_loops_ring, fedhas_altar_fruit_tree
D:4:      layout_loops_cross, mainiacjoe_overflow_concentric_impassable,
          chequers_temple_overflow_statue_of_worship,
          gammafunk_temple_overflow_claw, mainiacjoe_overflow_six_doors_small
D:5:      layout_basic
D:6:      layout_loops_corners, lemuel_tele_altar,
          minmay_temple_entry_sparse_star, serial_shops, nicolae_stop_n_shop_1,
          nicolae_take_the_stairs, nicolae_shop_behind_doors, shop, shop,
          hangedman_decor_push

Notes
Turn   | Place    | Note
-------+----------+-------------------------------------------
     0 | D:1      | kae the Demonspawn Transmuter began the quest for the Orb.
     0 | D:1      | Reached XP level 1. HP: 15/15 MP: 3/3
     0 | D:1      | magus.rc [v1.11.3]
     5 | D:1      | You add the spells Sting, Poisonous Vapours and Olgreb's
                  | Toxic Radiance to your library.
    69 | D:1      | Reached skill level 2 in Transmutations
   159 | D:1      | Lost mutation: You have a pair of horns on your head.
                  | [demonic ancestry]
   159 | D:1      | Lost mutation: You have a pair of small horns on your head.
                  | [demonic ancestry]
   159 | D:1      | Gained mutation: You have a pair of small antennae on your
                  | head. [demonic ancestry]
   159 | D:1      | Reached XP level 2. HP: 21/21 MP: 3/5
   535 | D:1      | Found a faded altar of an unknown god.
   604 | D:1      | Reached skill level 3 in Unarmed Combat
   793 | D:1      | Learned a level 2 spell: Wereblood
   871 | D:2      | Gained mutation: You regenerate a little health from kills.
                  | [demonic ancestry]
   871 | D:2      | Reached XP level 3. HP: 24/26 MP: 6/6
   873 | D:2      | Learned a level 1 spell: Sting
  1013 | D:2      | Found Seligg's Armour Boutique.
  1071 | D:2      | Noticed Sigmund
  1085 | D:2      | HP: 4/39 [Sigmund/+0 scythe of venom (7)]
  1086 | D:2      | Killed Sigmund
  1087 | D:2      | Reached skill level 3 in Spellcasting
  1087 | D:2      | Reached skill level 4 in Transmutations
  1087 | D:2      | Gained mutation: You regenerate health from kills. [demonic
                  | ancestry]
  1087 | D:2      | Reached XP level 4. HP: 4/32 MP: 1/8
  1087 | D:2      | Gained mutation: You are partially covered in icy blue
                  | scales. (AC +2) [demonic ancestry]
  1087 | D:2      | Reached XP level 5. HP: 5/37 MP: 1/9
  1212 | D:2      | Learned a level 3 spell: Spider Form
  1391 | D:2      | Noticed Natasha
  1457 | D:2      | Killed Natasha
  1628 | D:2      | Noticed Natasha
  1639 | D:2      | Killed Natasha
  1640 | D:2      | Reached skill level 1 in Poison Magic
  1735 | D:2      | Reached XP level 6. HP: 42/43 MP: 8/10
  1779 | D:2      | Learned a level 4 spell: Ice Form
  2199 | D:3      | Reached skill level 1 in Ice Magic
  2485 | D:3      | Found a blossoming altar of Fedhas.
  2716 | D:3      | Reached skill level 4 in Unarmed Combat
  3201 | D:4      | Gained mutation: You are mostly covered in icy blue scales.
                  | (AC +3) [demonic ancestry]
  3201 | D:4      | Reached XP level 7. HP: 48/48 MP: 7/12
  3228 | D:4      | Reached skill level 2 in Ice Magic
  3368 | D:4      | Found a shadowy altar of Dithmenos.
  3368 | D:4      | Found a burning altar of Makhleb.
  3394 | D:4      | Found a hide-covered altar of Uskayaw.
  3471 | D:4      | Found an ancient bone altar of Kikubaaqudgha.
  3528 | D:4      | HP: 10/48 [poisoned by an adder]
  3540 | D:4      | Reached skill level 5 in Transmutations
  3718 | D:4      | Reached skill level 4 in Spellcasting
  3822 | D:4      | Found a hazy altar of Hepliaklqana.
  3823 | D:4      | Found a stormy altar of Qazlal.
  4064 | D:5      | Entered Level 5 of the Dungeon
  4087 | D:5      | You pick up a book of Spatial Translocations and begin
                  | reading...
  4087 | D:5      | You add the spells Blink, Momentum Strike and Lesser
                  | Beckoning to your library.
  4118 | D:5      | Reached skill level 3 in Ice Magic
  4155 | D:5      | Reached XP level 8. HP: 54/54 MP: 9/14
  4187 | D:5      | You pick up a book of Lightning and begin reading...
  4187 | D:5      | You add the spells Static Discharge, Vhi's Electric Charge,
                  | Lightning Bolt and Arcjolt to your library.
  4906 | D:5      | Reached skill level 6 in Transmutations
  4906 | D:5      | Reached skill level 4 in Ice Magic
  5170 | D:6      | Found Cutai's Antique Weapon Shop.
  5179 | D:5      | HP: 14/64 [orc warrior/+0 battleaxe (19)]
  5180 | D:5      | Slain by an orc warrior

Vanquished Creatures
  Sigmund (D:2)
  A water moccasin (D:5)
  An ogre (D:5)
  2 phantoms (D:4)
  2 scorpions
  A howler monkey (D:3)
  5 hounds
  A gnoll bouda (D:3)
  2 orc priests
  2 iguanas (D:5)
  Natasha (twice) (D:2)
  4 orc wizards
  3 gnolls
  6 adders
  A worm (D:3)
  20 orcs
  9 ball pythons
  4 endoplasms
  5 giant cockroaches
  8 goblins
  5 hobgoblins
  8 jackals
  3 kobolds
  7 quokkas
  4 bats
  2 frilled lizards (D:1)
  5 rats
114 creatures vanquished.

Table legend:
 A = Non-vault XP
 B = Vault XP
 C = Vault XP percentage of total XP
 D = Non-vault monster count
 E = Vault monster count
 F = Vault count percentage of total count
                 A         B        C        D         E       F
            +---------+---------+-------+---------+---------+-------
      Total |    1584 |     279 |  15.0 |     112 |       2 |   1.8
            +---------+---------+-------+---------+---------+-------
        D:1 |      40 |       0 |   0.0 |      24 |       0 |   0.0
        D:2 |      75 |     279 |  78.8 |      17 |       2 |  10.5
        D:3 |     325 |       0 |   0.0 |      25 |       0 |   0.0
        D:4 |     462 |       0 |   0.0 |      22 |       0 |   0.0
        D:5 |     682 |       0 |   0.0 |      24 |       0 |   0.0
            +---------+---------+-------+---------+---------+-------

Illustrated notes

Table legend:
 A = Kills in this place as a percentage of kills in entire the game.
 B = Kills by you in this place as a percentage of kills by you in the entire game.
 C = Kills by friends in this place as a percentage of kills by friends in the entire game.
 D = Other kills in this place as a percentage of other kills in the entire game.
 E = Experience gained in this place as a percentage of experience gained in the entire game.
 F = Experience gained in this place divided by the number of levels of this place that you have seen.
                   A       B       C       D       E      F
               +-------+-------+-------+-------+-------+----------------------
         Total | 100.0 | 100.0 |   N/A |   N/A | 100.0 | 310.5
       Dungeon | 100.0 | 100.0 |   N/A |   N/A | 100.0 | 310.5
               +-------+-------+-------+-------+-------+----------------------

Table legend: (Time is in decaauts)
 A = Elapsed time spent in this place.
 B = Non-inter-level travel time spent in this place.
 C = Inter-level travel time spent in this place.
 D = Time resting spent in this place.
 E = Time spent auto-exploring this place.
 F = Levels seen in this place.
 G = Mean time per level.
                   A        B        C        D        E       F      G
               +--------+--------+--------+--------+--------+-----+--------+
         Total |   5153 |   4975 |    178 |    283 |   3756 |   6 |  858.8 |
       Dungeon |   5153 |   4975 |    178 |    283 |   3756 |   6 |  858.8 |
               +--------+--------+--------+--------+--------+-----+--------+

Top non-repeatable levels by time:
     D:3: 1176 daAuts
     D:2: 1153 daAuts
     D:5: 1102 daAuts
     D:4: 889 daAuts
     D:1: 825 daAuts
     D:6: 5 daAuts
